Map: Dreamcatcher LE

Players

Marzbar - Winner!

  • Race: Zerg Zerg
  • League: Diamond
  • Spawn Location: 5:00

Droped

  • Race: Terran Terran
  • League: Diamond
  • Spawn Location: 11:00

VOD

Have the link to the VOD?

Description

Time

  • Played on: June 21, 2018, 12:31 a.m.
  • Length: 12:28
Show
View Real Time Build Order
Export as new Build Order

Marzbar Zerg - Winner!

Build Orders: Hatch First 

Get SALT Encoding   

  12  0:01  Drone  
  13  0:12  Overlord  
  13  0:18  Drone  
  14  0:30  Drone x2  
  14  0:34  Drone  
  17  0:53  Hatchery  
  17  0:56  Drone  
  17  1:00  Drone  
  17  1:02  Extractor  
  17  1:16  Spawning Pool  
  17  1:18  Drone  
  17  1:22  Drone  
  18  1:28  Drone  
  19  1:38  Overlord  
  19  1:50  Drone  
  20  2:07  Queen x2  
  20  2:08  Zergling x4  
  26  2:10  Metabolic Boost  
  26  2:14  Drone  
  27  2:16  Drone  
  28  2:24  Drone  
  28  2:27  Drone  
  30  2:40  Overlord, Drone  
  31  2:57  Drone  
  31  2:58  Drone x2  
  34  3:08  Hatchery  
  34  3:11  Drone  
  34  3:12  Drone x2  
  36  3:16  Queen  
  36  3:17  Queen  
  40  3:22  Drone x2  
  42  3:27  Zergling x4  
  42  3:32  Overlord  
  42  3:33  Overlord  
  44  3:39  Baneling Nest  
  43  4:08  Overlord  
  43  4:09  Drone  
  45  4:10  Overlord, Drone x2  
  45  4:11  Drone x5  
  45  4:15  Queen  
  53  4:17  Zergling x2  
  53  4:27  Overlord x2  
  46  4:49  Drone  
  46  4:50  Drone x2  
  49  4:59  Zergling x2  
  50  5:00  Zergling x12  
  50  5:02  Spore Crawler  
  50  5:04  Spore Crawler  
  50  5:05  Queen  
  56  5:08  Lair  
  56  5:10  Evolution Chamber  
  56  5:11  Drone x3  
  56  5:12  Evolution Chamber  
  57  5:19  Baneling x2  
  57  5:20  Baneling  
  57  5:35  Extractor  
  57  5:36  Extractor  
  57  5:40  Extractor  
  55  5:50  Zergling x8  
  56  6:10  Spine Crawler, Drone x10  
  56  6:11  Drone x5  
  64  6:21  Zerg Melee Weapons Level 1  
  64  6:23  Overseer  
  64  6:39  Drone  
  65  6:40  Drone x8  
  65  6:44  Hatchery  
  72  6:55  Extractor  
  72  6:56  Spore Crawler, Extractor  
  69  7:03  Hydralisk Den, Zerg Missile Weapons Level 1  
  69  7:08  Baneling x3, Centrifical Hooks  
  68  7:10  Zergling x2  
  68  7:11  Zergling x14  
  68  7:12  Overlord x3  
  68  7:13  Zergling x6  
  79  7:19  Baneling  
  79  7:27  Drone  
  79  7:28  Drone x3  
  83  7:33  Hatchery  
  83  7:34  Hydralisk x2  
  86  7:52  Drone  
  86  7:53  Drone x5  
  86  7:57  Drone x4  
  96  7:58  Hydralisk  
  96  7:59  Hydralisk x2  
  96  8:01  Zergling x2  
  96  8:04  Overseer  
  100  8:36  Grooved Spines  
  100  8:40  Zerg Ground Armor Level 1, Hydralisk x6  
  112  8:46  Drone x6  
  118  9:02  Queen  
  117  9:07  Drone  
  117  9:09  Overlord  
  117  9:10  Overlord x3  
  117  9:19  Overlord x3  
  117  9:21  Zerg Missile Weapons Level 2  
  117  9:24  Overseer x2  
  117  9:25  Overseer  
  117  9:35  Hydralisk  
  117  9:36  Hydralisk x12  
  143  9:44  Drone x2  
  143  9:45  Drone  
  146  9:48  Muscular Augments  
  112  10:00  Hydralisk  
  112  10:01  Hydralisk x8  
  127  10:14  Zergling x8  
  127  10:15  Zergling x4  
  132  10:22  Hydralisk x5  
  132  10:23  Hydralisk x2  
  142  10:32  Hydralisk  
  142  10:33  Hydralisk x4  
  130  10:37  Zergling x2  
  130  10:38  Zergling x10  
  125  10:51  Queen x3  
  131  11:01  Zergling x2  
  131  11:02  Zergling x6  
  135  11:09  Baneling x5  
  135  11:11  Hydralisk  
  135  11:12  Hydralisk x4  
  145  11:20  Baneling x3  
  139  11:38  Hydralisk  
  137  11:46  Hydralisk x6  
  137  11:47  Hydralisk x7  
  129  11:53  Drone x2  
  129  11:54  Drone x4, Extractor  
  153  11:55  Extractor  
Show
View Real Time Build Order
Export as new Build Order

Droped Terran 

Build Orders: Reaper Expand, Hellion Banshee 

Get SALT Encoding   

  12  0:01  SCV  
  13  0:13  SCV  
  14  0:17  Supply Depot  
  14  0:25  SCV  
  15  0:29  Refinery  
  15  0:39  SCV  
  16  0:45  Barracks  
  16  0:51  SCV  
  17  1:03  SCV  
  18  1:15  SCV  
  19  1:32  Reaper  
  20  1:33  Orbital Command  
  20  1:44  Command Center  
  20  1:54  Factory  
  20  2:00  SCV  
  21  2:06  Refinery  
  21  2:08  Barracks Reactor  
  21  2:16  Supply Depot  
  21  2:17  SCV  
  22  2:29  SCV  
  23  2:41  SCV  
  23  2:43  Starport  
  24  2:52  Barracks Tech Lab, Hellion x2  
  24  2:56  SCV  
  28  3:06  Orbital Command  
  28  3:08  SCV  
  29  3:13  Hellion  
  29  3:19  Hellion  
  33  3:22  SCV  
  33  3:23  Marine  
  38  3:35  Cloaking Field, Banshee  
  38  3:37  SCV  
  38  3:39  SCV  
  40  3:43  Supply Depot  
  40  3:51  SCV  
  40  3:53  Marine  
  40  3:54  Hellion  
  40  3:55  SCV  
  45  4:03  SCV  
  45  4:07  SCV  
  47  4:11  Supply Depot  
  47  4:22  SCV  
  47  4:35  Hellion x2  
  44  4:40  SCV  
  44  4:45  SCV  
  46  4:52  Banshee  
  45  5:01  SCV  
  45  5:05  Command Center  
  45  5:06  SCV  
  47  5:12  Barracks  
  47  5:13  Barracks, SCV  
  48  5:16  Refinery  
  48  5:18  Factory Tech Lab  
  48  5:21  SCV  
  49  5:23  Refinery  
  49  5:25  SCV  
  49  5:26  Supply Depot  
  50  5:29  Marine x2  
  50  5:31  Supply Depot  
  52  5:37  SCV x2  
  54  5:47  Marine x2  
  56  5:58  Barracks  
  56  6:02  Starport Reactor  
  53  6:16  SCV  
  51  6:18  Siege Tank  
  51  6:20  Marine x2  
  51  6:21  Barracks Reactor  
  51  6:25  Orbital Command  
  50  6:28  Marine  
  50  6:30  Stimpack  
  50  6:31  SCV x2  
  53  6:38  Marine  
  54  6:42  Factory  
  54  6:43  Supply Depot, SCV x2  
  54  6:45  Barracks Reactor  
  56  6:50  Supply Depot  
  56  6:51  Orbital Command  
  56  6:55  Siege Tank, SCV  
  56  6:57  Marine x3  
  56  6:58  Marine x2, SCV  
  66  7:11  Medivac  
  66  7:12  Medivac  
  71  7:15  SCV x2  
  71  7:20  SCV  
  73  7:24  Marine x4  
  73  7:27  SCV  
  73  7:29  Marine x2, SCV  
  81  7:32  Factory Reactor, SCV  
  82  7:37  Siege Tank  
  82  7:39  Marine  
  82  7:40  SCV  
  82  7:41  SCV  
  82  7:42  Marine x3  
  91  7:48  SCV  
  91  7:49  Refinery  
  92  7:56  Marine x2  
  94  7:59  Marine x2  
  94  8:02  SCV  
  94  8:03  SCV  
  94  8:05  SCV  
  99  8:07  Marine x2  
  101  8:17  SCV  
  101  8:18  Siege Tank, Marine x2  
  107  8:22  SCV  
  100  8:39  Marine x6  
  100  8:40  Medivac, Marauder  
  109  8:52  Command Center, Engineering Bay  
  109  8:54  Engineering Bay  
  109  9:01  Widow Mine x2, Medivac, Siege Tank, SCV x3  
  109  9:02  Supply Depot  
  121  9:03  Supply Depot  
  121  9:04  Supply Depot  
  121  9:08  Marine x4  
  125  9:17  Refinery  
  125  9:21  Terran Infantry Weapons Level 1  
  125  9:23  Terran Infantry Armor Level 1, Marine x2, SCV x2  
  125  9:24  Marauder, Barracks x2  
  131  9:25  Marine  
  132  9:33  Siege Tank  
  132  9:34  Marine x2  
  132  9:35  Widow Mine  
  132  9:36  Widow Mine  
  141  9:40  Marine  
  141  9:41  Marine  
  141  9:44  SCV  
  144  9:45  SCV  
  144  9:48  Armory  
  144  9:49  Supply Depot  
  144  9:51  Supply Depot  
  130  9:59  Marine  
  115  10:00  Marine x2  
  115  10:01  Marine x3  
  115  10:02  Marauder  
  115  10:04  SCV  
  124  10:14  SCV  
  125  10:15  Barracks Reactor  
  125  10:17  Barracks Reactor, Marine x2  
  125  10:18  Marine x2  
  125  10:19  Marine  
  117  10:32  Marine x2  
  117  10:35  Marine x3  
  102  10:36  Marine x2  
  82  10:50  Marine  
  82  10:51  Medivac x2, Marauder  
  82  10:52  Siege Tank  
  82  10:53  Widow Mine x2, Marine x2, SCV  
  98  11:01  Marine x7  
  105  11:08  Marine  
  105  11:11  Marine x2  
  98  11:15  Marine  
  98  11:17  Widow Mine x2  
  104  11:18  Marine  
  104  11:19  SCV  
  91  11:36  Marine x3  
  70  11:50  Marine x5  
  62  11:55  Marine  
  56  12:01  SCV  
  56  12:07  Marine x2  
  56  12:08  Marine x3  
Tags
 
Add a new tag
Caveats
  • Supply blocks, unpowered buildings, or Contaminate may cause inaccurate times.
  • Supply counts are checked every 10 seconds.